 Dungeon Crawl Stone Soup version 0.31-a0-278-g485e682e34 (webtiles) character file.

Game seed: 3310054660614641886

107488 Gargoyl the Severer (level 16, -2/165 HPs)
             Began as a Gargoyle Berserker on July 16, 2023.
             Was a Priest of Trog.
             Slain by a stone giant (7 damage)
             ... on level 1 of the Vaults.
             The game lasted 00:39:06 (26664 turns).

Gargoyl the Severer (Gargoyle Berserker)           Turns: 26664, Time: 00:39:06

Health: -2/165     AC: 35    Str: 32    XL:     16   Next: 47%
Magic:  0/16       EV: 15    Int:  8    God:    Trog [***...]
Gold:   2034       SH:  9    Dex: 14    Spells: 15/15 levels left

rFire   + . .        a - +5 hand axe
rCold   . . .        P - +0 kite shield
rNeg    + . .        e - +1 swamp dragon scales
rPois   ∞            g - +2 helmet
rElec   +            r - +2 cloak
rCorr   .            x - +2 pair of gloves
SInv    .            M - +0 pair of boots
Will    +++..        y - amulet of guardian spirit Stlth
                     w - +6 ring of strength
HPRegen 1.47/turn    q - ring of protection from fire
MPRegen 0.15/turn

%: guardian spirit
@: berserking (expiring), strong-willed (expiring), flying, regenerating
(expiring), studying Short Blades, very quick
A: sickness immunity, AC +12, big wings, negative energy resistance 1,
electricity resistance, torment resistance 1, petrification resistance, strong
1, subdued magic 1, MP-powered wands
a: Renounce Religion, Berserk, Trog's Hand


You were on level 1 of the Vaults.
You worshipped Trog.
Trog was most pleased with you.
You visited 4 branches of the dungeon, and saw 23 of its levels.
You also visited: Ossuary.

You collected 2460 gold pieces.
You spent 426 gold pieces at shops.

Inventory:

Hand Weapons
 a - a +5 hand axe (weapon)
 v - a +3 war axe
 J - the +6 trident "Dragonbane" {flame, +Blink rC- Will++}
   (Trog gifted it to you on level 5 of the Lair of Beasts)

   rC:        It makes you vulnerable to cold.
   +Blink:    It lets you blink.
   Will:      It greatly increases your willpower.
 O - a +4 scimitar of flaming
Missiles
 b - a throwing net
 m - 16 poisoned darts (quivered)
Armour
 e - +1 swamp dragon scales (worn)
 g - a +2 helmet (worn)
 r - a +2 cloak (worn)
 x - a +2 pair of gloves (worn)
 M - a +0 pair of boots (worn)
 P - a +0 kite shield (worn)
Jewellery
 q - a ring of protection from fire (right hand)
 w - a +6 ring of strength (left hand)
 y - an amulet of guardian spirit (around neck)
 L - a +5 ring of evasion
Talismans
 h - a beast talisman
 F - a talisman of death
Wands
 l - a wand of polymorph (18)
 t - a wand of flame (51)
 A - a wand of digging (13)
 C - a wand of iceblast (13)
 K - a wand of paralysis (6)
Scrolls
 k - 16 scrolls of teleportation
 E - 3 scrolls of poison
 G - 3 scrolls of blinking
 I - a scroll of fog
 N - a scroll of enchant armour
Potions
 c - 5 potions of haste
 d - 7 potions of curing
 f - 2 potions of heal wounds
 i - 2 potions of resistance
 j - 6 potions of mutation
 n - 2 potions of enlightenment
 o - 4 potions of berserk rage
 p - a potion of ambrosia
 s - 2 potions of cancellation
 z - 3 potions of lignification
 B - 2 potions of might
 D - 7 potions of invisibility
 H - 3 potions of degeneration {unknown}


   Skills:
 + Level 15.8 Fighting
 + Level 1.8 Long Blades
 + Level 16.2(16.3) Axes
 + Level 2.1(10.8) Polearms
 + Level 2.4 Throwing
 + Level 11.5 Armour
 + Level 10.3 Dodging
 + Level 5.0 Stealth
 + Level 5.6 Shields
 + Level 4.6 Shapeshifting


You had 15 spell levels left.
You didn't know any spells.
Your spell library was empty.

Dungeon Overview and Level Annotations

Branches:
Dungeon (15/15)            Temple (0/1) D:7            Lair (5/5) D:11
 Shoals (0/4) Lair:3       Spider (0/4) Lair:3          Orc (2/2) D:12
    Elf (0/3) Orc:2        Vaults (1/5) D:14         Depths (0/4) D:15
Ossuary (visited)
  Slime: Lair:4-5

Altars:
Dithmenos
Fedhas
Makhleb
Qazlal
Ru
Vehumet
Wu Jian
Xom

Shops:
D:3 *   D:8 (   Orc:2 =*[(

Portals:
Abyss: D:9
Trove: D:15 (give 8 potions of haste)

Annotations:
D:9 2 transporters, RichitheSlayer's ghost, novice DgFE


Innate Abilities, Weirdness & Mutations

You are immune to sickness and miasma.
Your stone body is resilient. (AC +12)
You are immune to poison.
Your large and strong wings let you fly.
You resist negative energy. (rN+)
You are resistant to electric shocks. (rElec)
You are resistant to unholy torment.
You are immune to petrification.
Your muscles are strong. (Str +4, Int/Dex -1)
Your spells are a little easier to cast, but a little less powerful.
You expend magic power (3 MP) to strengthen your wands.


Message History

You kill the Executioner!
The Executioner disappears in a puff of smoke!
Unknown command.
You slash the dread lich!
The dread lich is almost destroyed.
You hit the stone giant. The dread lich barely misses you.
The stone giant hits you but does no damage.
You closely miss the dread lich.
The dread lich is severely damaged.
You slash the vault warden! You hit the stone giant.
The dread lich gestures at you while chanting.
You easily resist.
Electricity crackles from the ironbound thunderhulk's apparatus.
The bolt of lightning hits you! You resist.
* * * LOW HITPOINT WARNING * * *
You hit the dread lich but do no damage.
The dread lich is severely damaged.
You hit the vault warden.
You hit the stone giant but do no damage.
The vault warden hits you with a +2 heavy great sword.
* * * LOW HITPOINT WARNING * * *
The stone giant hits you!!
* * * LOW HITPOINT WARNING * * *
You closely miss the dread lich.
The dread lich is severely damaged.
You hit the vault warden. You slash the stone giant!
The dread lich touches you but does no damage.
Unknown command.
You barely miss the dread lich.
The dread lich is severely damaged.
You slash the stone giant! You hit the vault warden.
The dread lich gestures at you while chanting.
You easily resist.
You slash the dread lich!
The dread lich is almost destroyed.
You slash the vault warden! You slash the stone giant!
You feel the effects of Trog's Hand fading.
The slime creature changes into a tyrant leech!
The stone giant hits you!
You die...

##########
#........#
#........#
#.......p###+#+
#......@Cpow|.!
#.......L##..#.
#...O....#
#........#
##########


You could see an ironbound preserver, a dread lich (fast, sheltered), a stone
giant (sheltered), a vault warden (sheltered), an ironbound thunderhulk, an orc
knight (sheltered) and a tyrant leech shaped shifter.

Vanquished Creatures
  Gastronok (Orc:1)
  2 ironbound preservers (Vaults:1)
  An orc warlord (Orc:2)
  Azrael (Orc:2)
  Snorg (D:14)
  3 vault guards (D:14)
  3 ice dragons
  A peacekeeper (Vaults:1)
  7 hydras
  An ironbound frostheart (Vaults:1)
  Erolcha (Orc:2)
  A catoblepas (Lair:1)
  A death knight (D:14)
  9 centaur warriors
  2 tengu warriors (D:13)
  8 boulder beetles
  8 two-headed ogres
  Nergalle (D:12)
  Urug (Orc:2)
  3 skysharks
  3 skeletal warriors (D:15)
  5 deep trolls (Vaults:1)
  A harpy (shapeshifter) (D:13)
  A deep elf pyromancer (D:12)
  A wizard (D:13)
  A lindwurm (Lair:5)
  3 orc knights (Orc:2)
  2 orc sorcerers
  A deep elf zephyrmancer (Orc:2)
  2 wolf spiders
  4 cyclopes
  A manticore (D:12)
  3 ugly things
  A merfolk siren (Lair:3)
  7 elephants
  2 black mambas
  4 torpor snails
  2 gargoyles
  12 cane toads
  A cane toad (shapeshifter) (D:15)
  A rime drake (shapeshifter) (D:12)
  3 rime drakes
  A kobold demonologist (D:11)
  A tengu conjurer (D:13)
  2 efreet (D:14)
  9 komodo dragons
  A polar bear (shapeshifter) (D:11)
  A meliai (shapeshifter) (D:14)
  11 polar bears
  7 hornets (Lair:5)
  9 trolls
  3 meliai (D:14)
  4 tyrant leeches (Lair:5)
  10 blink frogs
  A raiju (Lair:5)
  A dream sheep (Lair:1)
  5 jumping spiders (Lair:3)
  3 wraiths
  A culicivora (Lair:3)
  9 slime creatures
  3 shadows
  A vampire (D:14)
  3 wyverns
  46 yaks
  8 basilisks
  Eustachio (D:6)
  3 fire elementals (Orc:2)
  2 steam dragons
  4 redbacks (Lair:3)
  8 vampire mosquitoes
  7 wargs
  15 hell hounds
  20 water moccasins
  A swamp drake (Orc:2)
  An ice beast (D:4)
  3 sky beasts (D:8)
  12 black bears
  17 orc warriors
  7 ogres
  30 wolves
  16 centaurs
  3 elf zombies (Ossuary)
  Blork the orc (Orc:2)
  2 kobold brigands
  3 scorpions
  24 bullfrogs
  2 gnoll sergeants
  5 wights (D:6)
  12 killer bees
  4 howler monkeys
  An electric eel (Lair:1)
  A vampire bat (D:5)
  A crimson imp (Orc:2)
  3 centaur zombies (Ossuary)
  5 hounds
  A sleepcap (D:5)
  14 orc priests
  5 jellies
  An iron imp (Orc:2)
  3 iguanas
  20 orc wizards
  10 hell rats
  2 hound zombies (Ossuary)
  3 mummies (Ossuary)
  15 adders
  14 gnolls
  A shadow imp (Orc:2)
  4 white imps
  4 adder zombies (Ossuary)
  3 worms
  3 fire bats (D:5)
  69 orcs
  2 spectral bats (D:5)
  13 bats
  3 bat skeletons (D:5)
  A bat zombie (D:5)
  13 endoplasms
  A giant cockroach (D:4)
  A gnoll zombie (Ossuary)
  7 goblins
  7 hobgoblins
  2 jackals (D:5)
  9 kobolds
  6 quokkas
  3 ball pythons
  A bat simulacrum (D:5)
  5 frilled lizards
  4 hobgoblin zombies (Ossuary)
  4 jackal zombies (Ossuary)
  2 kobold zombies (Ossuary)
  4 quokka zombies (Ossuary)
  8 rats
  4 rat zombies (Ossuary)
743 creatures vanquished.

Vanquished Creatures (collateral kills)
  An orc warlord (Orc:1)
  An ettin (Orc:2)
  A vault guard (D:14)
  A centaur warrior (D:14)
  A boulder beetle (D:12)
  An orc high priest (Orc:2)
  A skeletal warrior (D:15)
  An orc sorcerer (Orc:2)
  An ugly thing (D:14)
  2 torpor snails (Lair:5)
  A tarantella (shapeshifter) (D:14)
  A slime creature (D:12)
  2 wargs (Orc:2)
  5 orc warriors (Orc:2)
  A centaur (D:14)
  3 orc priests
  2 orc wizards
  4 orcs
30 creatures vanquished.

Vanquished Creatures (others)
  A deep elf zephyrmancer (Orc:2)
  An ugly thing (D:15)
  A sky beast (shapeshifter) (D:14)
  An orc warrior (Orc:2)
4 creatures vanquished.

Grand Total: 777 creatures vanquished

Notes
Turn   | Place    | Note
-------+----------+-------------------------------------------
     0 | D:1      | Gargoyl the Gargoyle Berserker began the quest for the Orb.
     0 | D:1      | Reached XP level 1. HP: 14/14 MP: 1/1
   228 | D:1      | Reached XP level 2. HP: 15/19 MP: 2/2
   334 | D:1      | Reached skill level 3 in Axes
   445 | D:1      | Found a faded altar of an unknown god.
   944 | D:2      | Reached XP level 3. HP: 16/24 MP: 3/3
  1107 | D:2      | Reached ** piety under Trog
  1401 | D:2      | Reached XP level 4. HP: 24/29 MP: 4/4
  2029 | D:3      | Noticed an ogre
  2037 | D:3      | Killed an ogre
  2038 | D:3      | Reached skill level 4 in Axes
  2038 | D:3      | Reached XP level 5. HP: 33/33 MP: 5/5
  2454 | D:3      | Found a faded altar of an unknown god.
  2458 | D:3      | Found a stormy altar of Qazlal.
  2490 | D:3      | Found Zeyczak's Assorted Antiques.
  2494 | D:3      | Bought a runed granite ring for 135 gold pieces
  2627 | D:4      | Reached XP level 6. HP: 31/38 MP: 6/6
  2872 | D:4      | Found a shadowy altar of Dithmenos.
  3352 | D:4      | Noticed an ice beast
  3361 | D:4      | Killed an ice beast
  3362 | D:4      | Reached skill level 5 in Axes
  3362 | D:4      | Reached XP level 7. HP: 44/44 MP: 7/7
  3602 | D:5      | Entered Level 5 of the Dungeon
  3627 | D:5      | Reached skill level 5 in Fighting
  3686 | D:5      | Found an ornate altar of the Wu Jian Council.
  3893 | D:5      | Reached *** piety under Trog
  4185 | D:5      | Reached skill level 6 in Axes
  4412 | D:5      | Found a burning altar of Makhleb.
  4641 | D:5      | Reached XP level 8. HP: 50/50 MP: 8/8
  4854 | D:6      | Found a sand-covered staircase.
  4862 | D:6      | Noticed Eustachio
  4866 | Ossuary  | Entered an ossuary
  5069 | Ossuary  | Reached **** piety under Trog
  5192 | Ossuary  | Reached skill level 7 in Axes
  5192 | Ossuary  | Reached skill level 5 in Armour
  5414 | D:6      | Killed Eustachio
  5621 | D:6      | Reached XP level 9. HP: 48/55 MP: 9/9
  5702 | D:6      | Reached skill level 8 in Axes
  5903 | D:6      | Identified the amulet "Qimuri" {Faith rPois rF+ rN+ Int+3}
  6337 | D:6      | Reached skill level 1 in Stealth
  6919 | D:7      | Reached skill level 1 in Throwing
  6933 | D:7      | Gained mutation: You are clumsy. (Dex -2) [potion of
                  | mutation]
  6933 | D:7      | Gained mutation: Your magical capacity is low. (-10% MP)
                  | [potion of mutation]
  6935 | D:7      | Lost mutation: You are clumsy. (Dex -2) [potion of
                  | mutation]
  6935 | D:7      | Lost mutation: Your magical capacity is low. (-10% MP)
                  | [potion of mutation]
  6935 | D:7      | Gained mutation: You are covered in fur. (AC +1) [potion of
                  | mutation]
  6935 | D:7      | Gained mutation: Your muscles are strong. (Str +4, Int/Dex
                  | -1) [potion of mutation]
  6935 | D:7      | Gained mutation: You occasionally lose the ability to read
                  | scrolls when taking damage. [potion of mutation]
  6935 | D:7      | Gained mutation: You have hidden genetic potential. [potion
                  | of mutation]
  6936 | D:7      | Lost mutation: You have hidden genetic potential. [potion
                  | of mutation]
  6936 | D:7      | Lost mutation: Your muscles are strong. (Str +4, Int/Dex
                  | -1) [potion of mutation]
  6936 | D:7      | Gained mutation: You are agile. (Dex +4, Str/Int -1)
                  | [potion of mutation]
  6936 | D:7      | Lost mutation: You are agile. (Dex +4, Str/Int -1) [potion
                  | of mutation]
  6936 | D:7      | Gained mutation: Your muscles are strong. (Str +4, Int/Dex
                  | -1) [potion of mutation]
  6995 | D:7      | Reached skill level 9 in Axes
  7101 | D:7      | Found a staircase to the Ecumenical Temple.
  7510 | D:8      | Reached XP level 10. HP: 59/63 MP: 10/10
  8094 | D:8      | Found Xeddump's Weapon Shop.
  8331 | D:8      | Found a faded altar of an unknown god.
  8331 | D:8      | Found a shimmering altar of Xom.
  8339 | D:8      | Found a sacrificial altar of Ru.
  8341 | D:8      | Found a radiant altar of Vehumet.
  8342 | D:8      | Found a blossoming altar of Fedhas.
  8681 | D:9      | Reached skill level 5 in Dodging
  8722 | D:9      | Noticed a two-headed ogre
  8840 | D:9      | Killed a two-headed ogre
  8841 | D:9      | Reached skill level 10 in Axes
  8959 | D:9      | Found a one-way gate to the infinite horrors of the Abyss.
  8959 | D:9      | Noticed RichitheSlayer's ghost (novice DgFE)
  8959 | D:9      | Noticed a wizard
  8970 | D:9      | Noticed a toenail golem
  8981 | D:9      | Noticed a great orb of eyes
  8987 | D:9      | Noticed a two-headed ogre
  8999 | D:9      | Killed a two-headed ogre
  9006 | D:9      | Noticed a toenail golem
  9050 | D:9      | Found a transporter.
  9050 | D:9      | Found a transporter.
  9057 | D:9      | Noticed a red ugly thing
  9093 | D:9      | Noticed a two-headed ogre
  9104 | D:9      | Killed a two-headed ogre
  9475 | D:9      | Noticed a two-headed ogre
  9488 | D:9      | Killed a two-headed ogre
  9489 | D:9      | Reached XP level 11. HP: 55/69 MP: 11/11
  9818 | D:10     | Entered Level 10 of the Dungeon
 10172 | D:10     | Reached skill level 11 in Axes
 10790 | D:11     | Found a staircase to the Lair.
 10845 | D:11     | Noticed a boulder beetle
 11096 | D:11     | Killed a boulder beetle
 11338 | D:11     | Reached skill level 12 in Axes
 11703 | Lair:1   | Entered Level 1 of the Lair of Beasts
 11718 | Lair:1   | Reached XP level 12. HP: 76/76 MP: 12/12
 11970 | Lair:1   | Reached skill level 10 in Fighting
 12094 | Lair:1   | Reached skill level 13 in Axes
 12576 | Lair:1   | Noticed a boulder beetle
 12596 | Lair:1   | Killed a boulder beetle
 12962 | Lair:1   | Noticed a catoblepas
 12980 | Lair:1   | Killed a catoblepas
 13290 | Lair:2   | Reached XP level 13. HP: 30/84 MP: 13/13
 13577 | Lair:2   | Reached skill level 14 in Axes
 13746 | Lair:2   | Lost mutation: You are covered in fur. (AC +1) [potion of
                  | mutation]
 13746 | Lair:2   | Lost mutation: You occasionally lose the ability to read
                  | scrolls when taking damage. [potion of mutation]
 13746 | Lair:2   | Gained mutation: Your spells are a little easier to cast,
                  | but a little less powerful. [potion of mutation]
 13746 | Lair:2   | Gained mutation: You expend magic power (3 MP) to
                  | strengthen your wands. [potion of mutation]
 14031 | Lair:2   | Reached ***** piety under Trog
 14586 | Lair:3   | Found a hole to the Spider Nest.
 15808 | Lair:3   | Found a staircase to the Shoals.
 16466 | Lair:4   | Reached skill level 1 in Shapeshifting
 16524 | Lair:4   | Reached skill level 1 in Polearms
 16845 | Lair:4   | Found a burning altar of Makhleb.
 16864 | Lair:4   | You fall into a shaft and drop 1 floor!
 16864 | Lair:5   | Entered Level 5 of the Lair of Beasts
 16927 | Lair:5   | Received a gift from Trog
 17024 | Lair:5   | Gained mutation: Your large and strong wings let you fly.
                  | [Gargoyle growth]
 17024 | Lair:5   | Reached XP level 14. HP: 27/92 MP: 14/14
 17524 | Lair:5   | Identified the +6 sling "Goycw" {drain, rCorr Str-2 SInv
                  | Stlth-}
 17754 | Lair:5   | Reached skill level 15 in Axes
 18257 | Lair:5   | Found a runed translucent door.
 18381 | Lair:5   | Reached skill level 10 in Armour
 18652 | Lair:5   | Identified the +6 trident "Dragonbane" {flame, +Blink rC-
                  | Will++} (Trog gifted it to you on level 5 of the Lair of
                  | Beasts)
 18652 | Lair:5   | Received a gift from Trog
 19392 | D:12     | Found a staircase to the Orcish Mines.
 19870 | D:12     | Noticed Nergalle
 19880 | D:12     | Killed Nergalle
 20741 | D:13     | Identified the +5 short sword of the Bouncing Hosts {drain,
                  | +Blink Int+3}
 20772 | D:13     | Reached XP level 15. HP: 85/100 MP: 11/15
 20878 | D:13     | You are sucked into a shaft and drop 2 floors!
 20878 | D:15     | Entered Level 15 of the Dungeon
 21116 | D:15     | Found a blossoming altar of Fedhas.
 22014 | D:15     | Found a portal to a secret trove of treasure.
 22170 | D:14     | Found a gate to the Vaults.
 22609 | D:14     | Reached skill level 1 in Shields
 22757 | D:13     | Reached skill level 1 in Long Blades
 23218 | D:14     | Noticed Snorg
 23233 | D:14     | Killed Snorg
 23420 | D:14     | Reached skill level 15 in Fighting
 23930 | D:15     | Found a staircase to the Depths.
 24088 | D:15     | Reached skill level 10 in Dodging
 24261 | Orc:1    | Entered Level 1 of the Orcish Mines
 24261 | Orc:1    | Noticed Gastronok
 24274 | Orc:1    | Killed Gastronok
 24491 | Orc:2    | Entered Level 2 of the Orcish Mines
 24508 | Orc:2    | Found a staircase to the Elven Halls.
 24669 | Orc:2    | Reached XP level 16. HP: 108/108 MP: 13/16
 24854 | Orc:2    | Noticed Azrael
 24871 | Orc:2    | Killed Azrael
 24921 | Orc:2    | Reached skill level 16 in Axes
 24953 | Orc:2    | Noticed Blork the orc
 24965 | Orc:2    | Killed Blork the orc
 24987 | Orc:2    | Noticed Urug
 24988 | Orc:2    | Noticed Erolcha
 25006 | Orc:2    | Killed Urug
 25041 | Orc:2    | Killed Erolcha
 25654 | Orc:2    | Reached skill level 5 in Shields
 25654 | Orc:2    | Found Ryqal's Jewellery Emporium.
 25676 | Orc:2    | Found Zouvyuck's General Store.
 25700 | Orc:2    | Bought a scroll of teleportation for 48 gold pieces
 25700 | Orc:2    | Bought a scroll of teleportation for 48 gold pieces
 25895 | Orc:2    | Found Axker's Antique Weapon Emporium.
 25901 | Orc:2    | Bought a masterwork long sword for 195 gold pieces
 25901 | Orc:2    | Identified the +8 long sword "Barash" {heavy, rPois} (You
                  | bought it in a shop on level 2 of the Orcish Mines)
 25923 | Orc:2    | Found Utiosuug's Antique Armour Emporium.
 26252 | Vaults:1 | Entered Level 1 of the Vaults
 26396 | Vaults:1 | Reached skill level 5 in Stealth
 26632 | Vaults:1 | Noticed a dread lich
 26635 | Vaults:1 | Noticed an Executioner
 26661 | Vaults:1 | HP: 3/165 [stone giant (25)]
 26664 | Vaults:1 | Slain by a stone giant

Illustrated notes

Levels and vault maps discovered:
D:1:      onia_arrival_handbag, layout_loops_ring,
          shapermc_ecumenical_altar_mp_highgroup
D:2:      layout_basic
D:3:      layout_rooms, nicolae_overflow_ecumenical_swirl, serial_shops,
          nicolae_shop_back_alley_shop
D:4:      layout_cave_pods, grunt_dithmenos_smoke
D:5:      layout_loops_ring, nicolae_wu_jian_wuxing_cycle,
          lightli_temple_of_fire, minivault_27, goddamned_bats
D:6:      layout_cave_pods, nicolae_ossuary_entry_monument,
          minmay_increasing_density, uniq_eustachio
D:7:      layout_gridville, temple_green
D:8:      layout_loops_ring, chequers_temple_overflow_minitemple,
          serial_co_window_serial, co_window_corner_a, co_window_paths_a,
          co_window_paths_a, co_window_paths_a, co_window_paths_a,
          co_window_corner_b, co_window_unsneaky_path_a,
          co_window_of_opportunity_b, co_window_corner_b, co_window_corner_b,
          co_window_unsneaky_path_d, co_window_4corner_b, co_window_paths_d,
          glass_columns_a, serial_shops, nicolae_shop_bloodbath_and_beyond,
          st_stairs_14
D:9:      layout_loops_ring, gammafunk_ghost_abyssal_escape,
          kennysheep_small_spiral
D:10:     layout_cave_pods
D:11:     layout_cross, due_lair_maze_entry_diamond, minivault_20
D:12:     layout_basic, minivault_5, kennysheep_opposing_triangles,
          uniq_nergalle
D:13:     layout_cave_pools
D:14:     layout_gridville, lightli_vaults_fourway_checkpoint,
          hangedman_decor_growths, uniq_snorg
D:15:     grunt_enter_depths_hoard, layout_layer_cave, fedhas_altar_1,
          nicolae_trove_entry_crossroad
Lair:1:   layout_misc_corridors, minmay_shattered_shrine, serial_bayou_shore_a,
          serial_bayou_shore_b
Lair:2:   layout_hall_layers, nicolae_lair_run_with_the_wolves,
          wad_woods_river_01, infiniplex_staircase_pool_2
Lair:3:   layout_cave_pods, minmay_shoals_entry_lonely_mermaid,
          nicolae_spider_entry_tight_spaces, chequers_serial_rivers_micro_d,
          chequers_serial_rivers_micro_b
Lair:4:   minmay_lair_venomous_thicket, layout_regular_city,
          nicolae_slime_entry_field_trip, basic_altar, uniq_nessos
Lair:5:   wormcave, layout_layer_cave, hangedman_lair_caniforms_friends,
          grunt_megastairs_3
Orc:1:    layout_caves, uniq_gastronok
Orc:2:    grunt_orc_cross, layout_diamond_mine, basic_altar,
          hangedman_minor_magic, uniq_erolcha, uniq_azrael
Vaults:1: biasface_ghost_orc_armoury, nicolae_vaults_wrenched,
          nicolae_vaults_tangram_2, ontoclasm_vaults_spin, v_misc_12,
          vaults_standard_mumra_x, nicolae_vaults_mitosis,
          nicolae_vaults_closet_pinwheel_1, nicolae_vaults_circle_grid_b,
          vaults_room_hangedman_quadrants, nicolae_vaults_theta,
          layout_vaults_ring, serial_shops, shop

Skill      XL: |  1  2  3  4  5  6  7  8  9 10 11 12 13 14 15 16 |
---------------+-------------------------------------------------+-----
Axes           | 3 4 5 6 7 9 10 12 13 14 15 16 | 16.2
Fighting       | 4 5 6 7 8 9 11 12 13 15 | 15.8
Armour         | 3 4 5 6 7 8 9 10 11 | 11.5
Dodging        | 2 3 4 5 6 7 8 10 | 10.3
Stealth        | 1 2 3 4 5 |  5.0
Throwing       | 1 2 |  2.4
Shapeshifting  | 2 4 |  4.6
Polearms       | 1 2 |  2.1
Shields        | 3 5 |  5.6
Long Blades    | 1 |  1.8

Action                     |  1- 3 |  4- 6 |  7- 9 | 10-12 | 13-15 | 16-18 || total
---------------------------+-------+-------+-------+-------+-------+-------++-------
  Melee: Hand axe          |    97 |   164 |   554 |   652 |  1725 |   304 ||  3496
         Punch             |       |     1 |     8 |    14 |    21 |       ||    44
         Trident           |       |       |       |       |    38 |       ||    38
         Scimitar          |       |       |       |       |    14 |       ||    14
  Throw: Dart              |       |     7 |     6 |    11 |     4 |       ||    28
 Invoke: Berserk           |     1 |     4 |    11 |    19 |    19 |     8 ||    62
         Trog's Hand       |       |     1 |     3 |     6 |    12 |    11 ||    33
         Brothers in Arms  |       |       |       |       |     6 |     4 ||    10
Ability: Begin Untransform |       |       |       |       |     1 |       ||     1
    Use: Scroll            |     3 |     4 |    16 |     6 |     9 |     2 ||    40
         Potion            |       |     1 |     3 |     1 |     5 |     1 ||    11
   Stab: Sleeping          |       |       |       |       |     3 |     1 ||     4
         Distracted        |       |       |       |       |     2 |       ||     2
 Armour: Animal skin       |     3 |       |       |       |       |       ||     3
         Swamp dragon scal |    40 |    88 |   482 |   366 |   898 |   188 ||  2062
  Dodge: Dodged            |    50 |   126 |   523 |   423 |  1283 |   186 ||  2591
  Block: Kite shield       |       |       |       |       |   129 |   155 ||   284
   Form: Death             |       |       |       |       |     1 |       ||     1

Table legend: (Time is in decaauts)
 A = Elapsed time spent in this place.
 B = Non-inter-level travel time spent in this place.
 C = Inter-level travel time spent in this place.
 D = Time resting spent in this place.
 E = Time spent auto-exploring this place.
 F = Levels seen in this place.
 G = Mean time per level.
                   A        B        C        D        E       F      G
               +--------+--------+--------+--------+--------+-----+--------+
         Total |  26244 |  25298 |    946 |    713 |  18417 |  24 | 1093.5 |
       Dungeon |  16383 |  15702 |    681 |    301 |  12022 |  15 | 1092.2 |
          Lair |   7081 |   6924 |    157 |      0 |   5028 |   5 | 1416.2 |
  Orcish Mines |   1905 |   1799 |    106 |    190 |   1051 |   2 |  952.5 |
        Vaults |    392 |    392 |      0 |    222 |    102 |   1 |  392.0 |
       Ossuary |    482 |    482 |      0 |      0 |    213 |   1 |  482.0 |
               +--------+--------+--------+--------+--------+-----+--------+

Top non-repeatable levels by time:
  Lair:5: 2028 daAuts
  Lair:3: 1861 daAuts
    D:15: 1802 daAuts
    D:12: 1533 daAuts
  Lair:1: 1387 daAuts
     D:8: 1365 daAuts
   Orc:2: 1322 daAuts
  Lair:2: 1277 daAuts
     D:6: 1263 daAuts
     D:5: 1259 daAuts
     D:2: 1153 daAuts
     D:9: 1068 daAuts
    D:10: 1054 daAuts
     D:4: 1034 daAuts
    D:14: 1005 daAuts
